 Dungeon Crawl Stone Soup version 0.31-a0-1237-gabc64e778c (webtiles) character file.

Game seed: 80429261746914610

80 Maratek the Poker (level 4, -4/34 HPs)
             Began as a Demonspawn Gladiator on Dec 15, 2023.
             Slain by a gnoll
             ... wielding a +0 halberd
              (14 damage)
             ... on level 3 of the Dungeon.
             The game lasted 00:03:26 (1752 turns).

Maratek the Poker (Demonspawn Gladiator)            Turns: 1752, Time: 00:03:27

Health: -4/34      AC:  6    Str: 16    XL:     4   Next: 18%
Magic:  4/4        EV: 12    Int: 14    God:
Gold:   80         SH:  0    Dex: 15    Spells: 3/3 levels left

rFire   . . .        a - +0 trident
rCold   . . .        (no shield)
rNeg    . . .        b - +0 leather armour
rPois   .            c - +1 helmet
rElec   .            (no cloak)
rCorr   .            (no gloves)
SInv    .            g - +0 pair of boots
Will    .....        (no amulet)
Stlth   +            h - +6 ring of intelligence
HPRegen 0.25/turn    (no ring)
MPRegen 0.09/turn

%: no passive effects
@: no status effects
A: demonic guardian 1, demonic touch 1
a: no special abilities


You were on level 3 of the Dungeon.
You visited 1 branch of the dungeon, and saw 3 of its levels.

You collected 80 gold pieces.

Inventory:

Hand Weapons
 a - a +0 trident (weapon)
Missiles
 e - a boomerang (quivered)
 i - a javelin
Armour
 b - a +0 leather armour (worn)
 c - a +1 helmet (worn)
 g - a +0 pair of boots (worn)
Jewellery
 h - a +6 ring of intelligence (left hand)
Scrolls
 j - a scroll of identify
Potions
 d - a potion of berserk rage {unknown}
 f - a potion of resistance {unknown}
 k - 2 potions of attraction {unknown}
 l - a potion of degeneration {unknown}


   Skills:
 * Level 2.9 Fighting
 * Level 3.2 Polearms
 * Level 2.4 Throwing
 * Level 0.6 Armour
 + Level 3.1 Dodging


You had 3 spell levels left.
You didn't know any spells.
Your spell library contained the following spells:

 Spells                   Type           Power      Damage    Failure   Level
 Blink                    Tloc           0%         N/A       47%         2
 Lesser Beckoning         Tloc           0%         N/A       47%         2
 Momentum Strike          Conj/Tloc      0%         3d8       47%         2
 Inner Flame              Hex/Fire       0%         N/A       71%         3
 Yara's Violent Unravell  Hex/Tmut       0%         3d3       100%        5
 Enfeeble                 Hex            0%         N/A       100%        7
 Malign Gateway           Summ/Tloc      0%         N/A       100%        7
 Summon Horrible Things   Summ           0%         N/A       100%        8


Dungeon Overview and Level Annotations

Branches:
Dungeon (3/15)

Altars:


Innate Abilities, Weirdness & Mutations

A weak demonic guardian rushes to your aid.
Your touch may inflict minor irresistible damage on your foes.


Message History

A gnoll comes into view. It is wielding a +0 flail.
A gnoll comes into view. It is wielding a +0 club.
The gnoll throws a throwing net.
The throwing net closely misses you.
You reach to attack!
You closely miss the gnoll.
The gnoll shouts!
You reach to attack!
You puncture the gnoll!
The gnoll is severely wounded.
The gnoll barely misses you.
The gnoll hits you from afar with a +0 halberd.
You reach to attack!
You hit the gnoll.
The gnoll is almost dead.
The gnoll hits you from afar with a +0 halberd!
The gnoll barely misses you.
You reach to attack!
You puncture the gnoll!
You kill the gnoll!
The gnoll hits you from afar with a +0 halberd!
You are too injured to fight recklessly!
You are too injured to fight recklessly!
You are too injured to fight recklessly!
You are too injured to fight recklessly!
You are too injured to fight recklessly!
You are too injured to fight recklessly!
You are too injured to fight recklessly!
You are too injured to fight recklessly!
You are too injured to fight recklessly!
You are too injured to fight recklessly!
You are too injured to fight recklessly!
You are too injured to fight recklessly!
You are too injured to fight recklessly!
You are too injured to fight recklessly!
You are too injured to fight recklessly!
You are too injured to fight recklessly!
You are too injured to fight recklessly!
Unknown command.
The gnoll attacks as it pursues you! The gnoll closely misses you.
The gnoll hits you from afar with a +0 halberd.
* * * LOW HITPOINT WARNING * * *
There is a stone staircase leading down here.
The gnoll hits you from afar with a +0 halberd!
You die...

........#..........#
........#..........##
........#.........)..
#######.#............
##...............##
##..####........(.##
###..###.............)
#...##...###.#.....>..
#...g@.### #.......###
#####.....#######.......
#..(gg..#...##......####
###..##..............#
#.............####.# #
.).#####...#.....##.###
....# #...#..##.......
..... #...#.#####.....
...... ###...# #.....


You could see 3 gnolls.

Vanquished Creatures
  2 gnolls
  2 worms (D:2)
  An orc (D:3)
  5 ball pythons
  2 endoplasms
  2 giant cockroaches (D:1)
  4 goblins
  9 hobgoblins
  4 jackals
  3 quokkas (D:1)
  6 bats
  2 frilled lizards (D:3)
  3 kobolds
  5 rats
50 creatures vanquished.

Notes
Turn   | Place    | Note
-------+----------+-------------------------------------------
     0 | D:1      | Maratek the Demonspawn Gladiator began the quest for the
                  | Orb.
     0 | D:1      | Reached XP level 1. HP: 16/16 MP: 1/1
    58 | D:1      | Gained mutation: Your touch may inflict minor irresistible
                  | damage on your foes. [demonic ancestry]
    58 | D:1      | Reached XP level 2. HP: 22/22 MP: 2/2
   495 | D:1      | Gained mutation: A weak demonic guardian rushes to your
                  | aid. [demonic ancestry]
   495 | D:1      | Reached XP level 3. HP: 28/28 MP: 3/3
  1615 | D:3      | Reached XP level 4. HP: 34/34 MP: 4/4
  1752 | D:3      | Slain by a gnoll

Illustrated notes

Levels and vault maps discovered:
D:1:      reono_arrival_forest_river, layout_loops_ring
D:2:      layout_basic, minmay_misc_feat_columns
D:3:      layout_rooms

Skill      XL: |  1  2 |
---------------+-------+-----
Throwing       | 2 |  2.4
Dodging        | 3 |  3.1
Polearms       | 3 |  3.2
Fighting       | |  2.9
Armour         | |  0.6

Action                     |  1- 3 |  4- 6 || total
---------------------------+-------+-------++-------
  Melee: Trident           |    94 |     9 ||   103
         Touch             |    10 |     1 ||    11
         Punch             |     1 |       ||     1
  Throw: Javelin           |     2 |       ||     2
         Boomerang         |    10 |     5 ||    15
    Use: Scroll            |     7 |       ||     7
   Stab: Sleeping          |     1 |       ||     1
 Armour: Leather armour    |    34 |     7 ||    41
  Dodge: Dodged            |    28 |     4 ||    32

Table legend: (Time is in decaauts)
 A = Elapsed time spent in this place.
 B = Non-inter-level travel time spent in this place.
 C = Inter-level travel time spent in this place.
 D = Time resting spent in this place.
 E = Time spent auto-exploring this place.
 F = Levels seen in this place.
 G = Mean time per level.
                   A        B        C        D        E       F      G
               +--------+--------+--------+--------+--------+-----+--------+
         Total |   1780 |   1675 |    105 |     29 |   1329 |   3 |  593.3 |
       Dungeon |   1780 |   1675 |    105 |     29 |   1329 |   3 |  593.3 |
               +--------+--------+--------+--------+--------+-----+--------+

Top non-repeatable levels by time:
     D:1: 883 daAuts
     D:2: 627 daAuts
     D:3: 269 daAuts
